 Dungeon Crawl Stone Soup version 0.22-a0-353-g2d6336e (webtiles) character file.

104 psellion the Chopper (level 4, -3/33 HPs)
             Began as a Demonspawn Gladiator on Apr 15, 2018.
             Killed from afar by an orc wizard (7 damage)
             ... with a magic dart
             ... on level 3 of the Dungeon.
             The game lasted 00:05:37 (2178 turns).

psellion the Chopper (Demonspawn Gladiator)         Turns: 2178, Time: 00:05:38

Health: -3/33      AC:  5    Str: 16    XL:     4   Next: 52%
Magic:  4/4        EV: 12    Int:  9    God:
Gold:   71         SH:  0    Dex: 14    Spells: 3/3 levels left

rFire    . . .     SeeInvis .   a - +0 war axe
rCold    + . .     Gourm    .   (no shield)
rNeg     . . .     Faith    .   b - +0 leather armour
rPois    .         Spirit   .   c - +0 helmet
rElec    .         Reflect  .   (no cloak)
rCorr    .         Harm     .   (no gloves)
MR       .....                  h - +0 pair of boots
Stlth    +.........             (no amulet)
HPRegen  0.11/turn              (no ring)
MPRegen  0.09/turn              (no ring)

@: lethally poisoned (-3 -> -10), flying, hasted, very quick
A: talons 1, cold resistance 1
a: no special abilities


You were on level 3 of the Dungeon.
You were not hungry.

You visited 1 branch of the dungeon, and saw 3 of its levels.

You collected 71 gold pieces.

Inventory:

Hand Weapons
 a - a +0 war axe (weapon)
Missiles
 d - 3 throwing nets (quivered)
Armour
 b - a +0 leather armour (worn)
 c - a +0 helmet (worn)
 h - a +0 pair of boots (worn)
Scrolls
 e - 4 scrolls of identify {unknown}
 j - a scroll of immolation {unknown}
 k - a scroll of noise {unknown}
 l - a scroll of remove curse {unknown}
Potions
 g - a potion of mutation {unknown}
Comestibles
 f - 3 rations


   Skills:
 - Level 2.0 Fighting
 + Level 4.9 Axes
 - Level 1.7 Throwing
 - Level 2.6 Dodging


You had 3 spell levels left.
You didn't know any spells.

Dungeon Overview and Level Annotations

Branches:
Dungeon (3/15)

Altars:
Ashenzari
Dithmenos
Hepliaklqana
Nemelex Xobeh
Sif Muna
The Shining One


Innate Abilities, Weirdness & Mutations

You have sharp toenails.
Your flesh is cold resistant. (rC+)


Message History

The orc wizard hits you but does no damage. x2
You hit the orc wizard but do no damage.
The orc wizard is moderately wounded.
* * * LOW HITPOINT WARNING * * *
You feel sick.
The orc wizard hits you with a dagger of protection.
* * * LOW HITPOINT WARNING * * *
The orc wizard barely misses you.
Okay, then.
It was a potion of flight.
You feel very buoyant.
You fly up into the air.
* * * LOW HITPOINT WARNING * * *
You feel sick. The orc wizard misses you.
An orc comes into view. It is wielding a dagger.
It was a potion of haste.
You feel yourself speed up.
The orc shouts!
You hear a shout!
The orc wizard gestures at you while chanting.
The magic dart hits you!
You die...

## #. #. #. #. #.
#.####.# # #.@og#.# .#
.# ####.#.#######.##.#
#.# #.o............#
#>#
#.####.##.#####...#.#
#.#
#...........<...#...#
#.#
........######.#.....#
#.# ####.##.#
#.#.....# #.# ... .[.
#...#.... #.# ##. #...
###....#


You could see an orc wizard, an orc and a goblin.

Vanquished Creatures
  Natasha (D:2)
  4 adders
  2 worms (D:2)
  A dart slug (D:2)
  3 giant cockroaches
  A goblin (D:1)
  6 hobgoblins
  4 jackals (D:1)
  5 bats
  4 kobolds
  7 rats
38 creatures vanquished.

Notes
Turn   | Place    | Note
-------+----------+-------------------------------------------
     0 | D:1      | psellion the Demonspawn Gladiator began the quest for the Orb.
     0 | D:1      | Reached XP level 1. HP: 16/16 MP: 1/1
    33 | D:1      | Reached skill level 3 in Axes
    65 | D:1      | Gained mutation: Your flesh is cold resistant. (rC+) [demonic ancestry]
    65 | D:1      | Reached XP level 2. HP: 11/22 MP: 2/2
   606 | D:2      | Gained mutation: You have sharp toenails. [demonic ancestry]
   606 | D:2      | Reached XP level 3. HP: 11/27 MP: 3/3
   991 | D:2      | Reached skill level 4 in Axes
  1039 | D:2      | Found a deep blue altar of Sif Muna.
  1043 | D:2      | Found a glowing golden altar of the Shining One.
  1044 | D:2      | Found a sparkling altar of Nemelex Xobeh.
  1044 | D:2      | Found a shadowy altar of Dithmenos.
  1044 | D:2      | Found a shattered altar of Ashenzari.
  1506 | D:2      | Noticed Natasha
  1520 | D:2      | Killed Natasha
  1520 | D:2      | Reached XP level 4. HP: 2/33 MP: 4/4
  1541 | D:2      | Found a hazy altar of Hepliaklqana.
  2178 | D:3      | Killed from afar by an orc wizard

Vault maps used:
D:1:      doesnt_arrival_eight_statues, minmay_pentomino_o2
D:2:      lemuel_doored_altar, grunt_temple_overflow_open, first_ration,
          serial_glass, glass_columns_b, glass_columns_b, glass_columns_b,
          glass_columns_a, glass_columns_c, glass_columns_c, glass_columns_a,
          glass_columns_a, minmay_strange_pillars, feat_on_display,
          minmay_strange_pillars, item_on_display_b, uniq_natasha
D:3:      minmay_goblin_kobold_castle, hangedman_abyss_or_decor_lesser_grid

Skill      XL: |  1  2  3 |
---------------+----------+-----
Axes           | 3 4 |  4.9
Fighting       | |  2.0
Throwing       | |  1.7
Dodging        | |  2.6

Action                   |  1- 3 |  4- 6 || total
-------------------------+-------+-------++-------
Melee: War axe           |   101 |    30 ||   131
  Use: Potion            |       |     2 ||     2
  Eat: Chunk             |     2 |       ||     2
       Ration            |       |     1 ||     1
Armor: Leather armour    |    39 |     5 ||    44
Dodge: Dodged            |    78 |    27 ||   105

Table legend:
 A = Spawn XP
 B = Non-spawn XP
 C = Spawn XP percentage of total XP
 D = Spawn monster count
 E = Non-spawn monster count
 F = Spawn count percentage of total count
 G = Total turns spent on level
                    A         B        C        D         E        F      G
               +---------+---------+-------+---------+---------+-------+---------
         Total |       0 |     149 |   0.0 |       0 |      38 |   0.0 |  2178
               +---------+---------+-------+---------+---------+-------+---------
           D:1 |       0 |      30 |   0.0 |       0 |      18 |   0.0 |   783
           D:2 |       0 |     104 |   0.0 |       0 |      18 |   0.0 |  1138
           D:3 |       0 |      15 |   0.0 |       0 |       2 |   0.0 |   257
               +---------+---------+-------+---------+---------+-------+---------
